 Dungeon Crawl Stone Soup version 0.21-a0-634-gaf8bc5d (webtiles) character file.

510744 marriedatthemol the Hoplite (level 23, -15/215 HPs)
             Began as a Minotaur Berserker on Dec 29, 2017.
             Was a High Priest of the Shining One.
             Killed from afar by a starcursed mass (34 damage)
             ... with an accursed screaming
             ... on level 11 of a ziggurat on Dec 30, 2017.
             The game lasted 03:24:07 (71115 turns).

marriedatthemol the Hoplite (Minotaur Berserker)   Turns: 71115, Time: 03:24:08

Health: -15/215    AC: 31    Str: 32    XL:     23   Next: 92%
Magic:  0/43       EV: 19    Int:  4    God:    the Shining One [*****.]
Gold:   2118       SH: 41    Dex: 20    Spells: 22/22 levels left

rFire    + . .     SeeInvis .   V - +18 lance "Wyrmbane" {slay drac, rPois rF+ rC+ AC+3}
rCold    + + .     Gourm    .   y - +2 large shield
rNeg     + + .     Faith    .   D - +2 crystal plate armour {rC+}
rPois    +         Spirit   +   o - +2 hat {MR+}
rElec    +         Reflect  +   u - scarf {Spirit}
rCorr    +         Harm     .   v - +2 pair of gloves {Str+3}
MR       ++...                  (no boots)
Stlth    ..........             T - +3 amulet of reflection
HPRegen  0.45/turn              z - ring of the Will of the Gods {rElec MP+9 Str+4}
MPRegen  0.28/turn              F - ring of resist corrosion

@: mighty, divine shield, very slightly contaminated, glowing, studying 4 skills
A: retaliatory headbutt, horns 2, deformed body, weak 1
}: 3/15 runes: decaying, abyssal, gossamer
a: Divine Shield, Cleansing Flame, Summon Divine Warrior, Renounce Religion


You were on level 11 of a ziggurat.
You worshipped the Shining One.
The Shining One was extremely pleased with you.
You were not hungry.

You visited 9 branches of the dungeon, and saw 40 of its levels.
You visited the Abyss 1 time.
You visited 2 bazaars.
You visited 1 ziggurat, and saw 11 of its levels.
You also visited: Trove, Ossuary and Ice Cave.

You collected 5037 gold pieces.
You spent 2919 gold pieces at shops.

Inventory:

Hand Weapons
 Q - a +9 trishula of holy wrath
 V - the +18 lance "Wyrmbane" (weapon) {slay drac, rPois rF+ rC+ AC+3}
   (You bought it in a shop on level 4 of the Dungeon)

   It affects your AC (+3).
   It protects you from fire.
   It protects you from cold.
   It protects you from poison.
Armour
 o - a +2 hat of magic resistance (worn)
 u - a scarf of spirit shield (worn)
 v - a +2 pair of gloves of strength (worn)
 y - a +2 large shield (worn)
 D - a +2 crystal plate armour of cold resistance (worn)
Jewellery
 a - an uncursed ring of protection from fire
 n - an uncursed ring of protection from magic
 w - an uncursed ring of protection from cold
 z - the ring of the Will of the Gods (left hand) {rElec MP+9 Str+4}
   (You found it on level 9 of a ziggurat)

   [ring of magical power]

   It affects your strength (+4).
   It insulates you from electricity.
   It affects your magic capacity (+9).
 F - a ring of resist corrosion (right hand)
 T - a +3 amulet of reflection (around neck)
Wands
 p - a wand of enslavement (37)
 r - a wand of flame (113)
 t - a wand of polymorph (19)
 C - a wand of acid (22)
 M - a wand of digging (53)
 N - a wand of paralysis (29)
 U - a wand of iceblast (12)
 X - a wand of disintegration (15)
Scrolls
 d - 15 scrolls of teleportation
 e - 4 scrolls of vulnerability
 f - 5 scrolls of magic mapping
 k - 4 scrolls of fear
 l - 3 scrolls of immolation
 A - 9 scrolls of fog
 G - 5 scrolls of enchant armour
 I - a scroll of blinking
 J - 2 scrolls of holy word
 O - 3 scrolls of silence
 P - 2 scrolls of identify
Potions
 b - 9 potions of haste
 h - 4 potions of cancellation
 j - 14 potions of curing
 m - a potion of berserk rage
 s - 11 potions of heal wounds
 x - 2 potions of resistance
 B - 6 potions of ambrosia
 E - 8 potions of lignification
 H - 2 potions of agility
 L - 2 potions of might
 R - 7 potions of flight
Books
 g - a manual of Evocations
 i - a manual of Invocations
 K - a manual of Polearms
 Y - a manual of Armour
Miscellaneous
 q - a fan of gales (inert)
 S - a phial of floods
 W - a lightning rod (4/4)
 Z - 2 phantom mirrors
Comestibles
 c - 26 rations


   Skills:
 + Level 20.0 Fighting
   Level 4.0(13.5) Axes
 + Level 19.2(19.3) Polearms
 + Level 21.0 Armour
 + Level 18.5 Dodging
 * Level 24.3 Shields
 * Level 7.0 Invocations
 + Level 16.4 Evocations


You had 22 spell levels left.
You didn't know any spells.

Dungeon Overview and Level Annotations

Branches:
Dungeon (15/15)            Temple (1/1) D:5            Lair (6/6) D:8
  Swamp (4/4) Lair:2       Spider (4/4) Lair:4        Slime (0/5) Lair:6
    Orc (0/2) D:9          Vaults (3/5) D:14          Crypt (2/3) Vaults:3
 Depths (4/5) D:15           Hell (1/1)                 Dis (0/7) Hell
    Geh (0/7) Hell            Coc (0/7) Hell            Tar (0/7) Hell

Altars:
Ashenzari
Cheibriados
Dithmenos
Elyvilon
Fedhas
Gozag
Hepliaklqana
Kikubaaqudgha
Makhleb
Nemelex Xobeh
Okawaru
Qazlal
Ru
Sif Muna
Trog
Uskayaw
Vehumet
Wu Jian
Xom
Yredelemnul
Zin
The Shining One

Shops:
D:4 (   D:6 [   D:12 }   D:13 [   Depths:1 =}=*

Portals:
Hell: Depths:1 Depths:2 Depths:3
Pandemonium: Depths:2 Depths:3

Annotations:
Depths:2 gold dragon


Innate Abilities, Weirdness & Mutations

You reflexively headbutt those who attack you in melee.
You have a pair of horns on your head.
Armour fits poorly on your strangely shaped body.
You are weak. (Str -2)


Message History

Your crystal plate armour prevents you from hitting the large abomination.
You headbutt the large abomination.
You destroy the large abomination!
The Shining One accepts your kill.
You feel better.
You feel your power returning.
You block the starcursed mass's attack. x3
Unknown command.
You block the starcursed mass's attack.
A tentacle flies out from the starspawn's body!
You block the starcursed mass's attack.
A starcursed mass splits.
You block the starcursed mass's attack. x2
A starspawn tentacle comes into view.
A cacophony of accursed wailing tears at your sanity!
* * * LOW HITPOINT WARNING * * *
You block the starcursed mass's attack. You block the starcursed mass's attack.
A cacophony of accursed wailing tears at your sanity!
* * * LOW HITPOINT WARNING * * *
A cacophony of accursed wailing tears at your sanity!
You die...

▓▓▓ ▓▓▓▓▓@▓▓▓▓▓
▓▓▓....X....▓▓▓
▓▓....X.XXX....▓▓
▓▓...w.XXX.XX....▓
▓.../XX.XXX.......
▓▓..│X.X.XXX.......
▓...│dX│w..........
▓....\.│XX.........
▓X)...V..#.......!?


You could see 22 starcursed masses, a red draconian, a tentacled starspawn and 2
starspawn tentacles.

Vanquished Creatures
  2 ancient liches
  2 juggernauts
  Geryon (Hell)
  A golden dragon (Depths:2)
  Arachne (Spider:4)
  3 bone dragons (Abyss:2)
  3 iron giants (Zig:10)
  4 tentacled monstrosities
  6 liches
  2 Hell Sentinels (Zig:10)
  Rupert (D:12)
  2 acid blobs (Zig:8)
  A titan (Depths:3)
  A quicksilver dragon (Abyss:3)
  Murray (Depths:1)
  An Executioner (Abyss:2)
  2 thorn hunters (Swamp:3)
  A sphinx (Depths:2)
  5 tentacled starspawn
  5 tengu reavers
  2 revenants
  A shadow dragon (Hell)
  3 draconian monks (Abyss:3)
  A daeva (Abyss:3)
  An azure jelly (Zig:8)
  2 deep elf sorcerers
  An orc warlord (Zig:9)
  6 fire giants
  3 frost giants
  A draconian knight (Abyss:3)
  An iron dragon (Zig:10)
  4 vault wardens
  Aizul (Swamp:1)
  6 emperor scorpions
  A deep elf elementalist (Abyss:3)
  6 ghost moths
  A draconian annihilator (Abyss:3)
  3 ironheart preservers
  16 stone giants
  5 ghouls
  10 very ugly things
  A balrug (Abyss:3)
  3 reapers (Hell)
  2 war gargoyles (Hell)
  5 entropy weavers
  Nessos (D:12)
  8 vampire knights
  A deep elf demonologist (Vaults:2)
  2 yellow draconians
  2 deep elf annihilators (Vaults:2)
  A dire elephant (Lair:6)
  A lorocyproca (Hell)
  The ghost of zxkuqyb the Cleaver, a journeyman MiBe of Trog (Lair:3)
  7 spark wasps
  9 ettins
  A crystal guardian (Zig:10)
  4 deep elf death magi
  8 eidola
  4 blizzard demons
  An ettin (shapeshifter) (D:15)
  12 jiangshi
  6 fire dragons
  4 great orbs of eyes
  7 ice dragons
  5 yaktaur captains
  Josephine (D:12)
  Erolcha (D:11)
  24 hydras
  7 rakshasas
  2 hell beasts
  A naga warrior (Abyss:3)
  7 death knights
  2 spriggan air magi
  A merfolk avatar (Lair:6)
  8 alligators
  9 ghost crabs
  A queen ant (Lair:4)
  5 tengu warriors
  7 centaur warriors
  4 deep troll shamans
  6 death yaks
  6 vampire magi
  11 ogre magi
  2 thrashing horrors
  46 two-headed ogres
  4 deep troll earth magi
  A spriggan berserker (Depths:3)
  A hell hog (Hell)
  2 deep elf knights
  8 soul eaters
  An orc high priest (Zig:6)
  5 iron trolls
  8 sun demons
  3 iron golems (Hell)
  6 wretched stars
  A torturous demonspawn (Depths:2)
  6 spatial maelstroms
  An anaconda zombie (Hell)
  3 shadow wraiths
  The ghost of isock the Carver, a novice GnWn of Uskayaw (D:7)
  A golden dragon zombie (Hell)
  A sixfirhy (Abyss:3)
  14 skeletal warriors
  5 hell knights
  5 spriggan druids
  4 unseen horrors
  A sea snake (Lair:6)
  13 deep trolls
  7 wizards
  3 flayed ghosts
  5 deep elf archers
  2 lindwurms (D:14)
  5 shambling mangroves
  A kraken simulacrum (Hell)
  35 starcursed masses
  An iron giant skeleton (Crypt:1)
  An obsidian statue (Depths:1)
  10 swamp dragons
  Pikel (D:5)
  8 necromancers
  5 phantasmal warriors
  A glowing orange brain (Depths:2)
  12 ironbrand convokers
  2 wolf spider zombies
  A harpy (shapeshifter) (Vaults:3)
  A shadow dragon zombie (D:15)
  7 orc knights
  A shining eye (shapeshifter) (Depths:2)
  A stone giant zombie (D:15)
  22 orb spiders
  6 oklob plants
  27 ugly things
  2 orb spiders (shapeshifter)
  4 manticores
  A frost giant zombie (Abyss:2)
  13 deep elf magi
  2 orc sorcerers (Zig:9)
  34 wolf spiders
  A shining eye (Zig:8)
  A salamander (Abyss:3)
  2 shock serpent zombies (Hell)
  A fire giant skeleton (Crypt:1)
  3 worldbinders
  13 cyclopes
  A stone giant skeleton (Crypt:1)
  A frost giant skeleton (D:15)
  Psyche (D:9)
  An elephant (shapeshifter) (Depths:3)
  2 draconians (Abyss:3)
  2 guardian serpents (shapeshifter)
  8 vault sentinels
  4 ice statues
  16 elephants
  2 guardian serpents
  4 moths of wrath
  7 rust devils (Hell)
  2 eyes of devastation (Zig:8)
  4 torpor snails
  7 black mambas
  3 gargoyles (Zig:10)
  10 orange demons
  4 apocalypse crabs (Swamp:1)
  A yaktaur zombie (D:15)
  11 smoke demons
  4 hellions
  2 kobold demonologists (D:13)
  15 spiny frogs
  43 yaktaurs
  2 human zombies
  A storm dragon simulacrum (Vaults:3)
  8 rime drakes
  A tengu conjurer (Depths:3)
  7 komodo dragons
  8 ancient zymes
  A tormentor (Abyss:3)
  3 efreet
  17 demonic crawlers
  A spark wasp simulacrum (Zig:3)
  A guardian mummy (D:15)
  An anaconda simulacrum (Hell)
  11 freezing wraiths
  A red draconian skeleton (Crypt:1)
  A sea snake skeleton (Crypt:1)
  2 human skeletons
  5 trolls
  12 meliai
  A red devil (Depths:2)
  12 tyrant leeches
  2 harpy zombies
  The ghost of isock the Skirmisher, an amateur GnWn (D:5)
  19 ice devils
  2 hydra zombies (Hell)
  A silent spectre (Zig:3)
  11 polar bears
  9 wind drakes
  A troll (shapeshifter) (Depths:1)
  28 jumping spiders
  A harpy skeleton (Crypt:1)
  A wolf spider simulacrum (Vaults:1)
  13 blink frogs
  27 slime creatures
  Grinder (D:3)
  22 raiju
  2 ettin zombies
  A fire dragon zombie (Hell)
  25 hornets
  The ghost of Sertorius the Ducker, an amateur MfIE (D:4)
  A blink frog (shapeshifter) (Depths:3)
  A human simulacrum (Vaults:2)
  6 hippogriffs
  8 bog bodies
  A fire giant simulacrum (Crypt:1)
  2 alligator zombies (Hell)
  7 flying skulls
  9 air elementals
  A spriggan (D:8)
  8 shadows
  31 tarantellas
  5 ynoxinuls
  9 wyverns
  62 redbacks
  20 wraiths
  36 large abominations
  A vampire (D:13)
  23 yaks
  8 fire elementals
  3 basilisks
  13 vampire mosquitoes
  4 neqoxecs
  6 golden eyes (Abyss:4)
  A golden eye (shapeshifter) (Depths:2)
  7 chaos spawn
  3 steam dragons
  A hungry ghost (Abyss:2)
  10 small abominations
  35 insubstantial wisps
  3 wargs
  2 nagas (Abyss:3)
  7 soldier ants
  24 swamp worms
  2 spiny frog zombies (Hell)
  3 soldier ants (shapeshifter)
  2 spatial vortices
  5 porcupines
  12 water moccasins
  A water moccasin (shapeshifter) (Depths:2)
  6 black bears
  A deep troll skeleton (Vaults:1)
  3 hell hounds
  2 floating eyes
  A torturous demonspawn skeleton (Crypt:1)
  23 orc warriors
  11 swamp drakes
  3 sky beasts
  A black bear (shapeshifter) (Depths:3)
  2 hornet zombies (D:11)
  4 eyes of draining
  9 ice beasts
  A phantom (D:8)
  9 wolves (Lair:6)
  4 slaves (D:5)
  A boggart (Depths:3)
  4 necrophages
  17 centaurs
  27 ogres
  A hog skeleton (Crypt:1)
  6 big kobolds
  12 crocodiles
  18 bullfrogs
  2 wyvern zombies (D:11)
  5 earth elementals (Zig:10)
  A deep troll simulacrum (Vaults:2)
  3 wyvern skeletons
  3 scorpions
  A snapping turtle simulacrum (Crypt:1)
  An orc simulacrum (Vaults:2)
  6 killer bees (D:11)
  21 wights
  4 howler monkeys
  6 electric eels
  5 centaur zombies
  20 crimson imps
  3 quasits
  A demonspawn zombie (Crypt:1)
  3 bullfrog zombies (D:11)
  6 centaur skeletons
  10 hounds
  A gnoll shaman (D:7)
  14 jellies
  Crazy Yiuf (D:3)
  3 bullfrog skeletons
  12 orc priests
  7 iron imps
  Terence (D:3)
  16 orc wizards
  Ijyb (D:3)
  3 iguanas
  A polar bear simulacrum (Lair:2)
  37 worker ants
  A yak simulacrum (Lair:2)
  A killer bee zombie (D:5)
  4 wolf simulacra (Lair:2)
  A hound zombie (D:11)
  3 hound skeletons
  4 howler monkey skeletons
  4 howler monkey zombies
  A worker ant zombie (D:9)
  7 gnolls
  9 adders
  8 shadow imps
  16 white imps
  8 ufetubi
  2 oozes
  10 worms
  A ball lightning (D:13)
  A dart slug (D:2)
  5 leopard geckos
  67 orcs
  3 bats
  A bat zombie (Crypt:1)
  11 giant cockroaches
  7 goblins
  3 hobgoblins
  25 jackals
  23 kobolds
  7 quokkas
  7 ball pythons
  A ball python skeleton (Ossuary)
  4 frilled lizards
  A gnoll skeleton (Crypt:2)
  3 hobgoblin zombies
  2 jackal skeletons
  4 kobold zombies
  A leopard gecko zombie (D:6)
  2 orc skeletons (Ossuary)
  An orc zombie (Crypt:2)
  A quokka skeleton (D:7)
  5 rats
  5 river rat simulacra (Lair:2)
  2 briar patches (Swamp:3)
  2 bushes (Lair:3)
  A lurking horror (Abyss:2)
  4 plants (Lair:3)
  7 starspawn tentacles
  A tentacle (Hell)
2157 creatures vanquished.

Vanquished Creatures (collateral kills)
  A thorn hunter (Swamp:1)
  An ironheart preserver (Vaults:2)
  2 stone giants (Vaults:2)
  An ettin (Depths:2)
  A great orb of eyes (Abyss:3)
  An ice dragon (Depths:2)
  A centaur warrior (Vaults:2)
  A two-headed ogre (D:14)
  A sixfirhy (Zig:11)
  A shambling mangrove (Swamp:3)
  2 orc knights (Vaults:2)
  An orb spider (Spider:4)
  2 ugly things (Vaults:2)
  An orc sorcerer (Zig:9)
  A cyclops (D:14)
  A freezing wraith (Vaults:2)
  5 yaktaurs (Vaults:2)
  An ancient zyme (Abyss:4)
  A troll (shapeshifter) (Depths:2)
  2 slime creatures (Vaults:2)
  A hornet (Swamp:3)
  5 raiju
  A wind drake (D:13)
  A shadow (D:11)
  An air elemental (D:13)
  8 starcursed masses
  A large abomination (Abyss:4)
  3 yaks (Lair:3)
  A basilisk (D:14)
  A chaos spawn (Abyss:4)
  4 spatial vortices (Abyss:4)
  A porcupine (Lair:3)
  3 orc warriors
  2 ogres
  A centaur (shapeshifter) (Depths:2)
  2 orc priests
  An ufetubus (Abyss:2)
  2 orcs
  A leopard gecko zombie (D:5)
  2 starspawn tentacles (Abyss:4)
70 creatures vanquished.

Vanquished Creatures (others)
  A lich (Depths:3)
  An entropy weaver (Spider:1)
  A stone giant (Zig:10)
  A swamp dragon (Zig:7)
  An orb spider (Spider:3)
  A centaur skeleton (D:15)
  A tengu conjurer (Depths:2)
  A hornet (Zig:7)
  A tyrant leech (Zig:7)
  A wind drake (D:13)
  A spriggan (Zig:7)
  A tarantella (Spider:3)
  A small abomination (Abyss:2)
  An insubstantial wisp (Zig:7)
  3 swamp drakes
  An orc warrior (Zig:9)
  2 white imps (IceCv)
  3 ufetubi (IceCv)
  16 ball lightnings (D:13)
  A jackal (D:14)
  11 fungi
  9 plants
  13 starspawn tentacles
  3 tentacles (Hell)
  19 toadstools (Lair:3)
  6 withered plants (D:15)
101 creatures vanquished.

Grand Total: 2328 creatures vanquished

Notes
Turn   | Place    | Note
-------+----------+-------------------------------------------
     0 | D:1      | marriedatthemol the Minotaur Berserker began the quest for the Orb.
     0 | D:1      | Reached XP level 1. HP: 19/19 MP: 0/0
    90 | D:1      | Reached XP level 2. HP: 16/27 MP: 1/1
   581 | D:2      | Reached skill level 1 in Shields
   653 | D:2      | Reached ** piety under Trog
   711 | D:2      | Reached XP level 3. HP: 28/33 MP: 2/2
  1467 | D:3      | Found a runed door.
  1489 | D:3      | Noticed Terence
  1500 | D:3      | Killed Terence
  1500 | D:3      | Reached skill level 2 in Shields
  1500 | D:3      | Reached XP level 4. HP: 26/40 MP: 3/3
  1618 | D:3      | Noticed Grinder
  1620 | D:3      | Paralysed by Grinder for 3 turns
  1621 | D:3      | Noticed Ijyb
  1641 | D:3      | Killed Ijyb
  1646 | D:3      | Killed Grinder
  1646 | D:3      | Reached skill level 4 in Shields
  1646 | D:3      | Reached XP level 5. HP: 47/47 MP: 4/4
  1646 | D:3      | Reached XP level 6. HP: 55/55 MP: 5/5
  2445 | D:3      | Noticed Crazy Yiuf
  2451 | D:3      | Killed Crazy Yiuf
  2451 | D:3      | Reached skill level 5 in Fighting
  2609 | D:4      | Noticed Sertorius's ghost (amateur MfIE)
  2619 | D:4      | Killed Sertorius's ghost
  2619 | D:4      | Reached XP level 7. HP: 61/61 MP: 6/6
  2657 | D:4      | Reached skill level 5 in Shields
  2732 | D:4      | Found Izurch's Weapon Boutique.
  2827 | D:4      | Reached skill level 5 in Armour
  2884 | D:4      | Found a glowing silver altar of Zin.
  2884 | D:4      | Found an opulent altar of Gozag.
  2885 | D:4      | Found a sparkling altar of Nemelex Xobeh.
  2886 | D:4      | Found a deep blue altar of Sif Muna.
  2887 | D:4      | Found a basalt altar of Yredelemnul.
  2888 | D:4      | Found an ornate altar of the Wu Jian Council.
  2995 | D:5      | Entered Level 5 of the Dungeon
  3038 | D:5      | Reached *** piety under Trog
  3184 | D:5      | Found a staircase to the Ecumenical Temple.
  3201 | D:5      | Found an iron altar of Okawaru.
  3269 | D:5      | Reached skill level 5 in Dodging
  3297 | D:5      | Got a coiled jade ring
  3299 | D:5      | Identified the ring "Husumaim" {+Blink rElec SInv} (You found it on level 5 of the Dungeon)
  3396 | D:5      | Found a sand-covered staircase.
  3406 | Ossuary  | Entered an ossuary
  3451 | Ossuary  | Reached XP level 8. HP: 65/71 MP: 7/7
  3525 | Ossuary  | Noticed a flying skull
  3531 | Ossuary  | Noticed a flying skull
  3532 | Ossuary  | Noticed a flying skull
  3556 | Ossuary  | Noticed a flying skull
  3574 | Ossuary  | Reached skill level 6 in Shields
  3574 | Ossuary  | Reached skill level 1 in Evocations
  3691 | Ossuary  | Noticed a flying skull
  3827 | D:5      | Reached **** piety under Trog
  3837 | D:5      | Noticed isock's ghost (amateur GnWn)
  3843 | D:5      | Killed isock's ghost
  3859 | D:5      | Found a snail-covered altar of Cheibriados.
  3863 | D:5      | Noticed Pikel
  4734 | D:5      | Reached skill level 1 in Polearms
  4757 | D:5      | Killed Pikel
  4757 | D:5      | Reached skill level 7 in Shields
  4757 | D:5      | Reached XP level 9. HP: 71/79 MP: 8/10
  5374 | Temple   | Entered the Ecumenical Temple
  5531 | D:6      | Found Voadduth's Armour Emporium.
  6518 | D:7      | Reached skill level 5 in Polearms
  6714 | D:7      | Noticed isock's ghost (novice GnWn)
  6742 | D:7      | Killed isock's ghost
  6742 | D:7      | Reached skill level 8 in Shields
  6742 | D:7      | Reached XP level 10. HP: 34/89 MP: 11/11
  7186 | D:8      | Reached ***** piety under Trog
  7384 | D:8      | Received a gift from Trog
  7412 | D:8      | Found a radiant altar of Vehumet.
  7592 | D:8      | Found a stormy altar of Qazlal.
  8722 | D:9      | Noticed Psyche
  8729 | D:9      | Killed Psyche
  9624 | D:9      | Found a staircase to the Orcish Mines.
  9745 | D:10     | Entered Level 10 of the Dungeon
  9753 | D:10     | Received a gift from Trog
  9757 | D:10     | Noticed a two-headed ogre
  9786 | D:10     | Killed a two-headed ogre
  9883 | D:10     | Reached skill level 9 in Shields
  9883 | D:10     | Reached skill level 5 in Evocations
  9883 | D:10     | Reached XP level 11. HP: 64/97 MP: 13/13
 10356 | D:10     | Noticed a two-headed ogre
 10368 | D:10     | Killed a two-headed ogre
 10407 | D:10     | Found a snail-covered altar of Cheibriados.
 10646 | D:11     | Noticed a centaur warrior
 10662 | D:11     | Killed a centaur warrior
 10692 | D:11     | Found a flickering gateway to a bazaar.
 10720 | Bazaar   | Entered a bazaar
 10720 | Bazaar   | Found Wanul's Armour Emporium.
 10720 | Bazaar   | Found Sunaekk's Assorted Antiques.
 10720 | Bazaar   | Found Wexyjidgh's Antique Weapon Emporium.
 10720 | Bazaar   | Found Qir Kig's Jewellery Emporium.
 10860 | D:11     | HP: 5/145 [manticore (14)]
 11410 | D:10     | Received a gift from Trog
 11786 | D:11     | Noticed a two-headed ogre
 11795 | D:11     | Killed a two-headed ogre
 11795 | D:11     | Reached skill level 10 in Fighting
 12002 | D:11     | Reached skill level 10 in Polearms
 12149 | D:11     | Reached skill level 10 in Shields
 12331 | D:11     | Noticed a skeletal warrior
 12373 | D:11     | Reached skill level 10 in Armour
 12486 | D:11     | Reached XP level 12. HP: 106/106 MP: 5/15
 12611 | D:11     | HP: 4/159 [skeletal warrior/battleaxe (20)]
 13545 | D:12     | Noticed Erolcha
 13557 | D:11     | Killed Erolcha
 13612 | D:12     | Noticed Josephine
 13707 | D:12     | Killed Josephine
 13712 | D:12     | Received a gift from Trog
 14018 | D:12     | Noticed Nessos
 14281 | D:12     | Killed Nessos
 14364 | D:12     | Noticed Rupert
 14384 | D:12     | Killed Rupert
 14384 | D:12     | Reached skill level 10 in Dodging
 14544 | D:12     | Received a gift from Trog
 14564 | D:12     | Got a slimy halberd {god gift}
 14570 | D:12     | Identified the +9 halberd of the Purse {freeze, +Fly rN+ Str+4 Stlth-} (Trog gifted it to you on level 12 of the Dungeon)
 14745 | D:12     | Found Botoh's Gadget Boutique.
 14984 | D:13     | Found Orasap's Antique Armour Boutique.
 15041 | D:13     | Reached skill level 11 in Shields
 15098 | D:13     | Reached XP level 13. HP: 116/116 MP: 17/17
 15445 | D:13     | Received a gift from Trog
 16426 | D:13     | Found Orasap's Antique Armour Boutique.
 17011 | D:14     | Identified the Guide on Confrontation
 17015 | D:14     | Received a gift from Trog
 17072 | D:15     | Entered Level 15 of the Dungeon
 17354 | D:14     | Received a gift from Trog
 17567 | D:4      | Bought the +8 lance "Wyrmbane" {slay drac, rPois rF+ rC+ AC+3} for 888 gold pieces
 17567 | D:4      | Found the +8 lance "Wyrmbane" {slay drac, rPois rF+ rC+ AC+3}
 17857 | D:8      | Found a staircase to the Lair.
 19229 | D:14     | Found a gate to the Vaults.
 19301 | D:14     | Reached XP level 14. HP: 119/126 MP: 19/19
 19978 | Lair:1   | Entered Level 1 of the Lair of Beasts
 20866 | Lair:2   | Found the +2 ratskin cloak {+Rats rPois rN+ Str-1 Int-1 Dex+1}
 21284 | Lair:2   | Reached skill level 12 in Shields
 22263 | Lair:2   | Found a staircase to the Swamp.
 22459 | Lair:3   | Received a gift from Trog
 22968 | Lair:3   | Noticed zxkuqyb's ghost (journeyman MiBe)
 22987 | Lair:3   | Killed zxkuqyb's ghost
 23127 | Lair:3   | Found a blossoming altar of Fedhas.
 23979 | Swamp:1  | Entered Level 1 of the Swamp
 23989 | Swamp:1  | Noticed Aizul
 24018 | Swamp:1  | Killed Aizul
 24761 | Swamp:1  | Found a runed door.
 24785 | Swamp:1  | Got a faintly glowing scale mail
 24796 | Swamp:1  | Identified the +4 scale mail of a sewer {Dex+4} (You found it on level 1 of the Swamp)
 25180 | D:13     | Bought an embroidered hat for 196 gold pieces
 25421 | Swamp:1  | Noticed a thorn hunter
 25433 | Swamp:1  | Killed a thorn hunter
 25525 | Swamp:1  | Received a gift from Trog
 26366 | Swamp:1  | Paralysed by you for 3 turns
 26836 | D:15     | Reached skill level 15 in Polearms
 26851 | D:15     | Reached XP level 15. HP: 131/135 MP: 20/20
 26939 | D:15     | Got a pair of twisted gloves
 26950 | D:15     | Identified the cursed +0 pair of gloves of the Teacher {*Corrode rF+ MR- Int+9} (You found it on level 15 of the Dungeon)
 27035 | D:15     | Reached skill level 13 in Shields
 27207 | D:15     | Found a staircase to the Depths.
 27491 | D:15     | Received a gift from Trog
 28218 | Depths:1 | Entered Level 1 of the Depths
 29532 | Swamp:3  | Reached skill level 14 in Shields
 29681 | Swamp:3  | Received a gift from Trog
 30042 | Swamp:3  | Found a frozen archway.
 30052 | IceCv    | Entered an ice cave
 30283 | IceCv    | Found the +3 hat of Pondering {ponderous, MR+ MP+10 Int+5}
 31350 | Swamp:4  | Entered Level 4 of the Swamp
 31364 | Swamp:4  | Reached skill level 10 in Evocations
 31369 | Swamp:4  | Reached XP level 16. HP: 145/145 MP: 19/22
 31398 | Swamp:4  | Noticed a thorn hunter
 31399 | Swamp:4  | Noticed a thorn hunter
 31422 | Swamp:4  | HP: 7/145 [thorn hunter/volley of thorns (14)]
 31810 | Swamp:3  | Killed a thorn hunter
 32056 | Swamp:3  | Killed a thorn hunter
 32605 | Swamp:4  | Reached ****** piety under Trog
 32656 | Swamp:4  | Reached skill level 15 in Shields
 32876 | Swamp:4  | Got a decaying rune of Zot
 33556 | Lair:4   | Found a hole to the Spider Nest.
 33623 | Lair:4   | Found a glowing silver altar of Zin.
 34468 | Lair:5   | Received a gift from Trog
 34872 | Lair:6   | Entered Level 6 of the Lair of Beasts
 35001 | Lair:6   | Paralysed by a hornet for 1 turns
 35320 | Lair:6   | Reached skill level 16 in Shields
 35520 | Lair:6   | Received a gift from Trog
 35571 | Lair:6   | Found a staircase to the Slime Pits.
 35647 | Lair:6   | Reached XP level 17. HP: 140/154 MP: 24/24
 36394 | Lair:6   | Found a staircase to the Slime Pits.
 36695 | Spider:1 | Entered Level 1 of the Spider Nest
 36941 | Spider:1 | Received a gift from Trog
 37619 | D:15     | Reached skill level 15 in Fighting
 37924 | Depths:1 | Found Ypaekhly's Island Escapes.
 37941 | Depths:1 | Reached skill level 15 in Armour
 38091 | Depths:1 | Noticed an ancient lich
 38194 | Depths:1 | Found a gateway to a ziggurat.
 38724 | Depths:1 | Found Vekk's Jewellery Boutique.
 38725 | Depths:1 | Found Jady's Gadget Emporium.
 38726 | Depths:1 | Found Piny's Jewellery Boutique.
 38813 | Depths:1 | Reached skill level 17 in Shields
 38938 | Depths:1 | Received a gift from Trog
 38995 | Depths:1 | Found a gateway to Hell.
 39147 | Depths:2 | Noticed a lich
 39157 | Depths:2 | Killed a lich
 39316 | Depths:2 | Found a portal to a secret trove of treasure.
 39328 | Depths:2 | Got a brightly glowing scale mail
 39339 | Depths:2 | Identified the +4 scale mail of the Original Sin {Str+5 Stlth+} (You found it on level 2 of the Depths)
 39466 | Depths:2 | Noticed a tentacled monstrosity
 39486 | Depths:2 | Killed a tentacled monstrosity
 39492 | Depths:2 | Paralysed by a floating eye for 2 turns
 39504 | Depths:2 | Reached XP level 18. HP: 165/165 MP: 25/25
 39505 | Depths:2 | Paralysed by a floating eye for 3 turns
 39512 | Depths:2 | Noticed a tentacled monstrosity
 39529 | Depths:2 | Killed a tentacled monstrosity
 39540 | Depths:2 | Received a gift from Trog
 39611 | Depths:2 | Noticed a tentacled monstrosity
 39632 | Depths:2 | Killed a tentacled monstrosity
 39632 | Depths:2 | Reached skill level 18 in Shields
 39659 | Depths:2 | HP: 5/166 [spark wasp (5)]
 39700 | Depths:2 | Found a flickering gateway to a bazaar.
 39713 | Bazaar   | Entered a bazaar
 39732 | Bazaar   | Found Muboogass's Gadget Shoppe.
 39732 | Bazaar   | Found Aleunaj's Magic Scroll Emporium.
 39742 | Bazaar   | Bought a scroll of acquirement for 364 gold pieces
 39753 | Bazaar   | Found Yhij's Armour Shoppe.
 39753 | Bazaar   | Found Cemen's Distillery.
 39774 | Bazaar   | Found Nump's Antique Armour Shoppe.
 39774 | Bazaar   | Found Iquafees's Antique Armour Emporium.
 39822 | Bazaar   | Bought a runed cloak for 255 gold pieces
 39849 | Bazaar   | Bought a pair of glowing gloves for 217 gold pieces
 40020 | Depths:2 | Noticed a golden dragon
 41923 | Spider:3 | Received a gift from Trog
 42940 | Spider:3 | Received a gift from Trog
 43693 | Hell     | Entered the Vestibule of Hell
 43693 | Hell     | Noticed Geryon
 43726 | Hell     | Reached skill level 15 in Dodging
 44652 | Hell     | Killed Geryon
 44830 | Hell     | Noticed Murray
 45098 | Depths:1 | Killed Murray
 45217 | Hell     | Reached skill level 19 in Shields
 45397 | Hell     | Reached XP level 19. HP: 123/174 MP: 27/27
 45679 | Hell     | Received a gift from Trog
 45734 | Hell     | Found a gateway to the ashen valley of Gehenna.
 45885 | Hell     | Found a gateway to the decaying netherworld of Tartarus.
 46159 | Hell     | Found a gateway to the Iron City of Dis.
 46310 | Hell     | Found a gateway to the freezing wastes of Cocytus.
 47576 | D:10     | Paralysed by fainting for 9 turns
 47639 | D:8      | Paralysed by fainting for 11 turns
 48428 | Spider:4 | Entered Level 4 of the Spider Nest
 48532 | Spider:4 | Noticed Arachne
 48762 | Spider:4 | Killed Arachne
 49024 | Spider:4 | Received a gift from Trog
 49623 | Spider:4 | Reached skill level 20 in Shields
 49641 | Spider:4 | Got a gossamer rune of Zot
 50014 | Vaults:1 | Entered Level 1 of the Vaults
 50270 | Vaults:1 | Received a gift from Trog
 50413 | Vaults:1 | Reached XP level 20. HP: 118/184 MP: 28/28
 50887 | Vaults:1 | Received a gift from Trog
 51909 | Vaults:2 | Received a gift from Trog
 51987 | Vaults:2 | Reached skill level 21 in Shields
 52559 | Vaults:2 | Received a gift from Trog
 53717 | Vaults:3 | Received a gift from Trog
 54441 | Vaults:3 | Found a staircase to the Crypt.
 54595 | Vaults:3 | Cast into level 2 of the Abyss (a wizard)
 54656 | Abyss:2  | Reached XP level 21. HP: 194/194 MP: 30/30
 55402 | Abyss:2  | Gained mutation: You are weak. (Str -2) [a neqoxec]
 55419 | Abyss:2  | Received a gift from Trog
 55521 | Abyss:2  | Reached skill level 22 in Shields
 55767 | Abyss:3  | Paralysed by accursed screaming for 1 turns
 55788 | Abyss:3  | Found a transporter.
 56103 | Abyss:3  | Noticed an ancient lich
 56105 | Abyss:3  | Received a gift from Trog
 56128 | Abyss:3  | Killed an ancient lich
 56147 | Abyss:3  | Found a transporter.
 56151 | Abyss:3  | Found a transporter.
 56152 | Abyss:3  | Got an abyssal rune of Zot
 56335 | Abyss:3  | Paralysed by accursed screaming for 1 turns
 56344 | Abyss:3  | Paralysed by accursed screaming for 1 turns
 56538 | Abyss:4  | Received a gift from Trog
 56959 | Abyss:5  | Entered Level 5 of the Abyss
 56973 | Abyss:5  | Found a corrupted altar of Lugonu.
 57104 | Abyss:5  | Received a gift from Trog
 57136 | Vaults:3 | Escaped the Abyss
 58042 | D:6      | Bought +0 fire dragon scales for 780 gold pieces
 58394 | Depths:2 | Killed a golden dragon
 58406 | Depths:2 | You paid a toll of +4 fire dragon scales to enter a treasure trove
 58407 | Trove    | Entered a treasure trove
 60781 | Depths:2 | Reached XP level 22. HP: 204/204 MP: 31/31
 61022 | Depths:2 | Got a slimy buckler
 61028 | Depths:2 | Identified the +3 buckler of Blue Skies {*Corrode rElec rPois Str+4} (You found it on level 2 of the Depths)
 61390 | Depths:2 | Found a one-way gate leading to the halls of Pandemonium.
 62065 | Depths:3 | Noticed a juggernaut
 62096 | Depths:3 | Killed a juggernaut
 62120 | Depths:3 | Reached skill level 23 in Shields
 62151 | Depths:3 | Reached skill level 15 in Evocations
 62169 | Depths:3 | Received a gift from Trog
 62349 | Depths:3 | Received a gift from Trog
 62601 | Depths:3 | Got a transparent lead ring
 62603 | Depths:3 | Identified the ring "Riffobuic" {+Blink +Fly rElec Str-2 SInv} (You took it off a fire giant on level 3 of the Depths)
 63893 | Temple   | Fell from the grace of Trog
 63893 | Temple   | Became a worshipper of the Shining One
 64180 | Crypt:1  | Entered Level 1 of the Crypt
 64270 | Crypt:1  | Reached * piety under the Shining One
 64304 | Crypt:1  | Reached ** piety under the Shining One
 64446 | Crypt:1  | Reached *** piety under the Shining One
 64562 | Crypt:1  | Reached **** piety under the Shining One
 64956 | D:15     | Paralysed by fainting for 12 turns
 64968 | D:15     | Paralysed by fainting for 10 turns
 65011 | Depths:1 | Paralysed by fainting for 6 turns
 65777 | Crypt:2  | Reached ***** piety under the Shining One
 65777 | Crypt:2  | Reached skill level 1 in Invocations
 66108 | Crypt:2  | Reached XP level 23. HP: 209/209 MP: 33/33
 66392 | Crypt:2  | Reached ****** piety under the Shining One
 67289 | Temple   | Identified a +9 trishula of holy wrath (a +9 demon trident of piercing blessed by the Shining One)
 67289 | Temple   | Received a gift from the Shining One
 68421 | Depths:1 | Bought a +3 amulet of reflection for 219 gold pieces
 68448 | Depths:1 | Killed an ancient lich
 68454 | Zig:1    | Entered Level 1 of a ziggurat
 68472 | Zig:2    | Entered Level 2 of a ziggurat
 68496 | Zig:3    | Entered Level 3 of a ziggurat
 68547 | Zig:4    | Entered Level 4 of a ziggurat
 68792 | Zig:5    | Entered Level 5 of a ziggurat
 68800 | Zig:5    | Reached skill level 24 in Shields
 68810 | Zig:5    | Reached skill level 5 in Invocations
 68984 | Zig:5    | Got a sapphire bardiche
 68985 | Zig:5    | Identified the +5 bardiche of Xuaw Aho {antimagic, *Noise rN+ Str+6 SInv} (You found it on level 5 of a ziggurat)
 69009 | Zig:6    | Entered Level 6 of a ziggurat
 69035 | Zig:6    | Gained mutation: Armour fits poorly on your strangely shaped body. [a neqoxec]
 69085 | Zig:6    | Got a transparent halberd
 69091 | Zig:6    | Identified the +4 halberd of the Tomato {holy, rF++ MP+9 Dex-3 Stlth+} (You found it on level 6 of a ziggurat)
 69183 | Zig:7    | Entered Level 7 of a ziggurat
 69400 | Zig:8    | Entered Level 8 of a ziggurat
 70064 | Zig:9    | Entered Level 9 of a ziggurat
 70069 | Zig:9    | Noticed a juggernaut
 70121 | Zig:9    | Killed a juggernaut
 70231 | Zig:9    | Identified the Disquisition on Transmutation and the Snowflakes
 70233 | Zig:9    | Identified the ring of the Will of the Gods {rElec MP+9 Str+4} (You found it on level 9 of a ziggurat)
 70387 | Zig:10   | Entered Level 10 of a ziggurat
 70918 | Zig:11   | Entered Level 11 of a ziggurat
 71060 | Zig:11   | Paralysed by accursed screaming for 1 turns
 71065 | Zig:11   | Paralysed by accursed screaming for 1 turns
 71074 | Zig:11   | Paralysed by accursed screaming for 1 turns
 71096 | Zig:11   | Paralysed by accursed screaming for 1 turns
 71108 | Zig:11   | Paralysed by accursed screaming for 2 turns
 71115 | Zig:11   | Killed from afar by a starcursed mass

Vault maps used:
D:1:      dpeg_arrival_long_road, grunt_decor_resistance
D:2:      first_ration
D:3:      uniq_grinder, uniq_terence, uniq_ijyb, uniq_crazy_yiuf_cottage
D:4:      minitemple, serial_shops, nicolae_shop_statue_plus
D:5:      okawaru_trees_1, lemuel_crystal_altar,
          minmay_temple_entry_enclosed_plants, nicolae_ossuary_entry_ruins,
          minmay_crystal_room, minmay_checkerbox, uniq_pikel
D:6:      serial_shops, shop
D:8:      lemuel_round_altar, erik_lair_dragon, the_bakery,
          nicolae_qazlal_general_emergency
D:9:      hiddenorc1_lemuel, kennysheep_generic_room_7, uniq_psyche
D:10:     cheibriados_altar_1
D:11:     hangedman_screamer, serial_shops, bzr_entry_customers
D:12:     serial_shops, shop, uniq_josephine, uniq_rupert, uniq_nessos,
          uniq_erolcha
D:13:     serial_shops, nicolae_shop_statue_plus, aerie_lemuel
D:14:     david_vaults_4, minivault_26, hangedman_parallel_progression
D:15:     gammafunk_depths_entry_grave
Temple:   dshaligram_water_room_temple
Lair:2:   minmay_swamp_entry_worms, eino_house_with_fridge,
          minmay_lair_oklob_chamber
Lair:3:   tgw_fedhas, lemuel_fruit_tree, lemuel_fruit_fields
Lair:4:   spider_nest_entry_funnel_web, basic_altar
Lair:5:   minmay_lair_oklob_bushes
Lair:6:   gammafunk_lair_ancient_temple, minmay_slime_entry_jelly_boxes
Swamp:1:  gammafunk_mikee_crab_dinner, hangedman_swamp_diagram, uniq_aizul
Swamp:2:  evilmike_swamp_ruin_house_5
Swamp:3:  portal_ice_cave_entry_pillars_four,
          nicolae_swamp_feature_on_the_river_bank, swamp_pool2,
          infiniplex_staircase_pool
Swamp:4:  swamp_alternative
Spider:1: minmay_another_anthill
Spider:3: spider_trap
Spider:4: spider_rune_water, hive_lemuel, uniq_arachne
Vaults:1: v_misc_17, hangedman_vaults_restitches, v_pattern_2, v_alt_pattern_5,
          vaults_standard_mumra_x
Vaults:2: hangedman_vaults_hat, hangedman_vaults_variations,
          vaults_room_door_hall, v_misc_30, vaults_standard_mumra_lines,
          nicolae_vaults_ring_of_whatevers, v_misc_12,
          ontoclasm_vaults_claustrophobia, ontoclasm_vaults_decontamination,
          hangedman_vaults_stretched_pinwheel, nicolae_vaults_rhombus_5,
          serial_glass
Vaults:3: v_misc_22, v_misc_13, hangedman_vaults_corner_blocks,
          ontoclasm_vaults_pinch, minmay_crypt_entry_simple_box,
          nicolae_vaults_alarming, nicolae_vaults_network_square,
          grunt_vaults_funnel, vaults_room_door_ring
Crypt:1:  grunt_crypt_arrival_webbed
Crypt:2:  special_room, uniq_mennas
Depths:1: enter_ziggurat_d, grunt_hell_entry_demonic_statue,
          minmay_stone_trees_medium, minmay_misc_feat_doors,
          nicolae_island_escapes, minmay_shop_grove
Depths:2: minmay_three_patterns, nicolae_trove_entry_free_sample,
          hangedman_abyss_or_decor_stagger, grunt_pan_entry_sceptre, hell_entry,
          serial_shops, bzr_entry_lakeside, minivault_11,
          basic_stair_grate_trap, infiniplex_staircase_zigzag_3, firewood_loft
Depths:3: minmay_the_grid_square_5x5_4x4_mashed, hell_entry, pan_entry
Depths:4: minmay_bloctagon, abyss_entry_crystal, kennysheep_flooded_box,
          hell_entry, minmay_tree_intersection, fountainhead,
          minmay_staircase_statues
Abyss:3:  gammafunk_abyss_rune_reverse_zot
Abyss:4:  evilmike_abyss_exit_glass, bh_abyss_exit_spiral
Abyss:5:  abyss_greek_temple
Zig:8:    ziggurat_pillar_centre_dead_trees
Bazaar:   bazaar_minmay_row, bazaar_short_row
Trove:    trove_library
Ossuary:  ossuary_due_cavern
IceCv:    ice_cave_small_demon

Skill      XL: |  1  2  3  4  5  6  7  8  9 10 11 12 13 14 15 16 17 18 19 20 21 22 23 |
---------------+----------------------------------------------------------------------+-----
Shields        | 1 2 4 5 7 8 9 10 11 12 14 16 17 19 20 21 22 23 24 | 24.3
Axes           | 4 |  4.0
Armour         | 3 4 5 7 8 10 11 12 13 14 15 16 17 18 20 21 | 21.0
Fighting       | 4 5 6 7 8 9 10 11 12 13 14 15 16 17 18 19 20 | 20.0
Dodging        | 3 4 5 6 7 8 9 10 11 12 13 14 15 16 17 18 | 18.5
Evocations     | 2 3 5 6 7 8 9 10 11 12 13 14 15 16 | 16.4
Polearms       | 2 5 8 10 12 13 15 16 18 19 | 19.2
Invocations    | 1 7 |  7.0

Action                   |  1- 3 |  4- 6 |  7- 9 | 10-12 | 13-15 | 16-18 | 19-21 | 22-24 || total
-------------------------+-------+-------+-------+-------+-------+-------+-------+-------++-------
Melee: Hand axe          |    85 |    22 |       |       |       |       |       |       ||   107
       Headbutt          |    16 |    15 |    61 |   215 |   380 |   739 |   755 |   531 ||  2712
       Mace              |       |    38 |   130 |       |       |       |       |       ||   168
       Trident           |       |       |   197 |   139 |       |       |       |       ||   336
       Spear             |       |       |       |   413 |       |       |       |       ||   413
       Demon trident     |       |       |       |   345 |   954 |       |       |       ||  1299
       Halberd           |       |       |       |    30 |    68 |       |       |       ||    98
       Lance             |       |       |       |       |   580 |  2519 |  2706 |  1846 ||  7651
       Trishula          |       |       |       |       |       |       |       |     8 ||     8
Throw: Javelin           |       |       |       |    11 |     2 |     4 |    10 |       ||    27
Invok: Berserk           |     1 |     3 |     5 |    15 |     8 |    11 |    12 |     2 ||    57
       Trog's Hand       |       |     1 |       |       |     3 |     2 |     5 |     1 ||    12
       Brothers in Arms  |       |       |     1 |     3 |     3 |     4 |     8 |       ||    19
       Burn Spellbooks   |       |       |     1 |       |     3 |     2 |     6 |     2 ||    14
       Divine Shield     |       |       |       |       |       |       |       |     5 ||     5
       Summon Divine War |       |       |       |       |       |       |       |     2 ||     2
       Brand Weapon With |       |       |       |       |       |       |       |     1 ||     1
 Abil: Evoke Blink       |       |       |       |     3 |     1 |    10 |       |    12 ||    26
       Evoke Flight      |       |       |       |       |     5 |       |       |       ||     5
       Evoke Ratskin     |       |       |       |       |    12 |       |    12 |       ||    24
Evoke: Wand              |       |       |     6 |       |       |     1 |     3 |    15 ||    25
       Phial of floods   |       |       |       |       |     1 |       |     2 |       ||     3
       Horn of Geryon    |       |       |       |       |       |       |     1 |       ||     1
       Lightning rod     |       |       |       |       |       |       |       |     4 ||     4
       Fan of gales      |       |       |       |       |       |       |       |     1 ||     1
  Use: Scroll            |     3 |     5 |     8 |     7 |    23 |     7 |     9 |    14 ||    76
       Potion            |       |       |     1 |     1 |       |     6 |     2 |     7 ||    17
 Stab: Sleeping          |       |       |     3 |     1 |       |       |       |       ||     4
       Distracted        |       |       |       |       |     5 |     1 |     2 |       ||     8
       Paralysed         |       |       |       |       |     1 |       |       |       ||     1
       Confused          |       |       |       |       |       |     5 |       |       ||     5
       Held in net/web   |       |       |       |       |       |     2 |     1 |       ||     3
  Eat: Chunk             |     2 |     3 |    15 |    33 |    46 |    23 |    25 |     9 ||   156
       Ration            |       |     1 |     1 |     4 |     7 |    10 |    14 |     9 ||    46
Armor: Animal skin       |     3 |       |       |       |       |       |       |       ||     3
       Ring mail         |    19 |     6 |       |       |       |       |       |       ||    25
       Leather armour    |       |    17 |    57 |   131 |    74 |       |       |       ||   279
       Scale mail        |       |       |       |       |   134 |    42 |       |       ||   176
       Chain mail        |       |       |       |       |    24 |       |       |       ||    24
       Crystal plate arm |       |       |       |       |    16 |  1017 |   556 |   363 ||  1952
Dodge: Dodged            |    42 |    34 |   169 |   416 |   485 |   849 |   561 |   338 ||  2894
Block: Buckler           |     7 |    17 |    68 |   196 |   116 |       |       |       ||   404
       Shield            |       |       |       |       |   234 |  1470 |   785 |       ||  2489
       Large shield      |       |       |       |       |       |       |   474 |  1496 ||  1970
       Reflection        |       |       |       |       |       |       |       |    13 ||    13

Table legend:
 A = Spawn XP
 B = Non-spawn XP
 C = Spawn XP percentage of total XP
 D = Spawn monster count
 E = Non-spawn monster count
 F = Spawn count percentage of total count
 G = Total turns spent on level
                    A         B        C        D         E        F      G
               +---------+---------+-------+---------+---------+-------+---------
         Total |   55704 |  921156 |   5.7 |     131 |    2057 |   6.0 | 71115
               +---------+---------+-------+---------+---------+-------+---------
           D:1 |       0 |      20 |   0.0 |       0 |      13 |   0.0 |   536
           D:2 |       0 |      45 |   0.0 |       0 |      19 |   0.0 |   975
           D:3 |       0 |     408 |   0.0 |       0 |      15 |   0.0 |  1249
           D:4 |       0 |     496 |   0.0 |       0 |      17 |   0.0 |   582
           D:5 |       0 |    1899 |   0.0 |       0 |      34 |   0.0 |  1871
           D:6 |       0 |     855 |   0.0 |       0 |      21 |   0.0 |  1041
           D:7 |       0 |    1534 |   0.0 |       0 |      26 |   0.0 |  1388
           D:8 |       0 |    2319 |   0.0 |       0 |      33 |   0.0 |  2795
           D:9 |       0 |    1946 |   0.0 |       0 |      38 |   0.0 |  1673
          D:10 |       0 |    3781 |   0.0 |       0 |      29 |   0.0 |  1629
          D:11 |       0 |   13638 |   0.0 |       0 |      66 |   0.0 |  3915
          D:12 |       0 |    9216 |   0.0 |       0 |      34 |   0.0 |  1256
          D:13 |       0 |   12896 |   0.0 |       0 |      77 |   0.0 |  2308
          D:14 |       0 |   14602 |   0.0 |       0 |      80 |   0.0 |  3093
          D:15 |       0 |   22636 |   0.0 |       0 |      52 |   0.0 |  2354
        Lair:1 |       0 |    1124 |   0.0 |       0 |       5 |   0.0 |  1158
        Lair:2 |       0 |    5727 |   0.0 |       0 |      29 |   0.0 |  2750
        Lair:3 |       0 |    6676 |   0.0 |       0 |      19 |   0.0 |  1288
        Lair:4 |       0 |    6245 |   0.0 |       0 |      20 |   0.0 |  1022
        Lair:5 |       0 |    7321 |   0.0 |       0 |      25 |   0.0 |   836
        Lair:6 |       0 |   26998 |   0.0 |       0 |      85 |   0.0 |  1694
       Swamp:1 |       0 |   22991 |   0.0 |       0 |      52 |   0.0 |  2324
       Swamp:2 |       0 |   13885 |   0.0 |       0 |      27 |   0.0 |  1103
       Swamp:3 |       0 |   18356 |   0.0 |       0 |      34 |   0.0 |  2170
       Swamp:4 |       0 |   21938 |   0.0 |       0 |      46 |   0.0 |   879
      Spider:1 |       0 |   17555 |   0.0 |       0 |      70 |   0.0 |   799
      Spider:2 |       0 |   20392 |   0.0 |       0 |      53 |   0.0 |  2115
      Spider:3 |       0 |   18520 |   0.0 |       0 |      59 |   0.0 |   661
      Spider:4 |       0 |   39213 |   0.0 |       0 |      69 |   0.0 |  1104
      Vaults:1 |       0 |   57122 |   0.0 |       0 |      92 |   0.0 |  1637
      Vaults:2 |       0 |   53956 |   0.0 |       0 |     120 |   0.0 |  2402
      Vaults:3 |       0 |   32041 |   0.0 |       0 |      59 |   0.0 |  2093
       Crypt:1 |       0 |   24001 |   0.0 |       0 |      51 |   0.0 |  1279
       Crypt:2 |       0 |   49794 |   0.0 |       0 |      51 |   0.0 |   563
      Depths:1 |       0 |   36302 |   0.0 |       0 |      61 |   0.0 |  4030
      Depths:2 |       0 |   66988 |   0.0 |       0 |      74 |   0.0 |  1884
      Depths:3 |       0 |   90656 |   0.0 |       0 |      83 |   0.0 |  2012
      Depths:4 |       0 |    5104 |   0.0 |       0 |       5 |   0.0 |    80
          Hell |       0 |   49187 |   0.0 |       0 |      74 |   0.0 |  1690
       Abyss:2 |   21245 |   23816 |  47.1 |      41 |      39 |  51.2 |  1096
       Abyss:3 |   10874 |   29577 |  26.9 |      30 |      31 |  49.2 |   666
       Abyss:4 |   19904 |    1819 |  91.6 |      54 |      15 |  78.3 |   602
       Abyss:5 |    3681 |    1316 |  73.7 |       6 |       2 |  75.0 |   177
         Zig:1 |       0 |    1317 |   0.0 |       0 |       1 |   0.0 |    18
         Zig:2 |       0 |     948 |   0.0 |       0 |       3 |   0.0 |    24
         Zig:3 |       0 |    1918 |   0.0 |       0 |       5 |   0.0 |    51
         Zig:4 |       0 |    5770 |   0.0 |       0 |       4 |   0.0 |   245
         Zig:5 |       0 |    6239 |   0.0 |       0 |       8 |   0.0 |   217
         Zig:6 |       0 |    5712 |   0.0 |       0 |      10 |   0.0 |   174
         Zig:7 |       0 |    4688 |   0.0 |       0 |       8 |   0.0 |   217
         Zig:8 |       0 |   10060 |   0.0 |       0 |      11 |   0.0 |   664
         Zig:9 |       0 |   12615 |   0.0 |       0 |      18 |   0.0 |   323
        Zig:10 |       0 |   21158 |   0.0 |       0 |      16 |   0.0 |   531
        Zig:11 |       0 |    9472 |   0.0 |       0 |      26 |   0.0 |   197
       Ossuary |       0 |     658 |   0.0 |       0 |      14 |   0.0 |   416
         IceCv |       0 |    5690 |   0.0 |       0 |      29 |   0.0 |   726
               +---------+---------+-------+---------+---------+-------+---------
